 Dungeon Crawl Stone Soup version 0.24.0-123-gd5b16e6ec5 (webtiles) character file.

Game seed: 3366315374410943378, levelgen mode: deterministic

32918 FishyPogo the Protected (level 13, -1/108 HPs)
             Began as a Demonspawn Gladiator on Jan 5, 2020.
             Was a Plaything of Xom.
             Slain by a salamander
             ... wielding a +0 halberd
             ... summoned by Xom
              (12 damage)
             ... while petrified by you
             ... in a volcano.
             The game lasted 01:29:16 (17317 turns).

FishyPogo the Protected (Demonspawn Gladiator)     Turns: 17317, Time: 01:29:17

Health: -1/108     AC: 26    Str: 19    XL:     13   Next: 34%
Magic:  19/19      EV:  2    Int: 14    God:    Xom [......]
Gold:   1250       SH:  0    Dex: 22    Spells: 10/12 levels left

rFire    + + .     SeeInvis .   a - +5 dagger "Toej" {chaos, *Slow rC+++ rN++ MR+}
rCold    + + +     Gourm    .   v - +1 buckler
rNeg     + + +     Faith    +   r - +3 plate armour
rPois    ∞         Spirit   .   (no helmet)
rElec    +         Reflect  .   W - +1 cloak
rCorr    .         Harm     .   z - +0 pair of gloves
MR       +....                  (boots unavailable)
Stlth    ..........             M - amulet of faith
HPRegen  0.28/turn              S - +4 ring of intelligence
MPRegen  0.16/turn              e - ring of protection from fire

@: confused, agile, petrified, very slightly contaminated, slowed, lightly
drained, invisible (expiring)
A: claws 1, hooves 3, yellow scales 2, agile 1, cold resistance 3, fire
resistance 1, high mp 1, nightstalker 1, powered by death 1, shaggy fur 1,
electricity resistance, wild magic 2
a: Renounce Religion


You were in a volcano.
You worshipped Xom.
You were a very special plaything of Xom.
You were very hungry.

You visited 3 branches of the dungeon, and saw 17 of its levels.
You also visited: Sewer, Ossuary and Volcano.

You collected 1250 gold pieces.

Inventory:

Hand Weapons
 a - the +5 dagger "Toej" (weapon) {chaos, *Slow rC+++ rN++ MR+}
   (Xom gifted it to you on level 6 of the Dungeon)

   Each time it hits an enemy it has a different, random effect.
   It renders you almost immune to cold.
   It greatly protects you from negative energy.
   It affects your resistance to hostile enchantments.
   It may slow you when you take damage.
 n - a +4 scimitar of flaming
 Z - a +6 broad axe
Missiles
 b - 2 silver boomerangs
 o - 2 throwing nets
 s - 4 boomerangs (quivered)
 E - 34 poisoned darts
 R - 7 boomerangs of dispersal
 Y - 7 javelins
Armour
 h - a +1 scale mail of magic resistance
 r - a +3 plate armour (worn)
 v - a +1 buckler (worn)
 z - a +0 pair of gloves (worn)
 W - a +1 cloak (worn)
Jewellery
 e - a ring of protection from fire (right hand)
 M - an amulet of faith (around neck)
 S - a +4 ring of intelligence (left hand)
Wands
 c - a wand of polymorph (7)
 g - a wand of flame (15)
 i - a wand of paralysis (3)
 q - a wand of iceblast (6)
 N - a wand of clouds (7)
 P - a wand of disintegration (10)
 T - a wand of scattershot (3)
 V - a wand of acid (13)
Scrolls
 d - 3 scrolls of fear
 k - 7 scrolls of teleportation
 w - a scroll of remove curse
 x - 7 scrolls of blinking
 B - 6 scrolls of identify
 C - a scroll of enchant armour
 D - 2 scrolls of magic mapping
 H - 3 scrolls of immolation {unknown}
 L - 2 scrolls of amnesia {unknown}
 Q - a scroll of brand weapon {unknown}
 U - a scroll of torment {unknown}
 X - 2 scrolls of random uselessness {unknown}
Potions
 j - 4 potions of might
 l - 3 potions of berserk rage
 p - 2 potions of flight
 t - 3 potions of lignification
 A - a potion of ambrosia
 G - 3 potions of mutation
 I - a potion of invisibility
 J - 4 potions of brilliance
 O - 6 potions of curing
Comestibles
 f - 33 rations
 m - 11 chunks of flesh


   Skills:
 - Level 12.0(11.8) Fighting
 + Level 9.6(9.5) Short Blades
   Level 3.0(2.9) Maces & Flails
 - Level 2.0(1.9) Throwing
 * Level 12.8(12.7) Armour
 - Level 3.0(2.9) Dodging
 - Level 5.0(4.9) Stealth
 - Level 4.0(3.8) Shields
 + Level 6.3(6.2) Evocations


You had 10 spell levels left.
You knew the following spells:

 Your Spells              Type           Power        Failure   Level  Hunger
u - Song of Slaying       Chrm           #.......     100%        2    ###....

Your spell library contained the following spells:

 Spells                   Type           Power        Failure   Level  Hunger
 Confusing Touch          Hex            #.....       99%         1    ##.....
 Flame Tongue             Conj/Fire      #....        99%         1    ##.....
 Infusion                 Chrm           #...         99%         1    ##.....
 Corpse Rot               Necr           N/A          100%        2    ###....
 Shroud of Golubria       Chrm/Tloc      #.....       100%        2    ###....
 Sublimation of Blood     Necr           #.........   100%        2    ###....
 Throw Flame              Conj/Fire      #.....       100%        2    ###....
 Confuse                  Hex            #.......     100%        3    ####...
 Conjure Flame            Conj/Fire      #.......     100%        3    ####...
 Gell's Gravitas          Tloc           #.........   100%        3    ####...
 Inner Flame              Hex/Fire       #.......     100%        3    ####...
 Regeneration             Chrm/Necr      #.........   100%        3    ####...
 Spectral Weapon          Hex/Chrm       #.......     100%        3    ####...
 Petrify                  Tmut/Erth      #.......     100%        4    #####..
 Sticky Flame             Conj/Fire      #.......     100%        4    #####..
 Agony                    Necr           #.......     100%        5    ######.
 Bolt of Draining         Conj/Necr      #.........   100%        5    ######.
 Dispel Undead            Necr           #.......     100%        5    ######.
 Excruciating Wounds      Chrm/Necr      #.........   100%        5    ######.
 Fireball                 Conj/Fire      #.........   100%        5    ######.
 Metabolic Englaciation   Hex/Ice        #.........   100%        5    ######.
 Yara's Violent Unravell  Hex/Tmut       #.........   100%        5    ######.


Dungeon Overview and Level Annotations

Branches:
Dungeon (12/15)            Temple (1/1) D:7            Lair (4/6) D:9
  Swamp (0/4) Lair:2       Spider (0/4) Lair:4          Orc (0/2) D:9
  Sewer (visited)         Ossuary (visited)         Volcano (1/1)

Altars:
Ashenzari
Cheibriados
Dithmenos
Elyvilon
Fedhas
Gozag
Hepliaklqana
Kikubaaqudgha
Makhleb
Nemelex Xobeh
Okawaru
Qazlal
Ru
Sif Muna
Trog
Uskayaw
Vehumet
Wu Jian
Xom
Yredelemnul
Zin
The Shining One
Beogh
Lugonu

Shops:
D:8 :=!

Annotations:
D:5 exclusion: statue
D:8 3 runed translucent doors, Elellon's ghost, novice HOFi
Lair:3 3 runed translucent doors, Foabaekk's ghost, journeyman GrMo


Innate Abilities, Weirdness & Mutations

You have hooves in place of feet.
You are mostly covered in yellow scales. (AC +3)
You are slightly more attuned to the shadows.
You regenerate a little health from kills.
You have sharp fingernails.
You are agile. (Dex +2)
Your flesh is almost immune to the effects of cold. (rC+++)
Your flesh is heat resistant. (rF+)
You have an increased reservoir of magic. (+10% MP)
You are covered in fur. (AC +1)
You are resistant to electric shocks. (rElec)
Your spells are harder to cast, but more powerful.


Message History

The efreet gestures at you.
The fireball explodes!
The fireball engulfs the fire elemental.
The fire elemental completely resists.
The fireball engulfs you! You resist.
* * * LOW HITPOINT WARNING * * *
The fireball engulfs the efreet.
The efreet completely resists.
You hear a roar!
The fire elemental hits you. The fire elemental burns you! You resist.
The salamander hits you but does no damage.
The fire elemental barely misses you.
You flicker for a moment.
The salamander hits you with a +0 halberd!!
* * * LOW HITPOINT WARNING * * *
You are engulfed in flames.
You resist.
* * * LOW HITPOINT WARNING * * *
The fire elemental hits you. The fire elemental burns you! You resist.
* * * LOW HITPOINT WARNING * * *
The salamander hits you with a +0 halberd!!
You die...
Xom giggles madly!

.○≈. ### ### #○○≈.
###.## ##.## ○○§≈○
##§...###§≈.## #.§§§≈
#§≈....#§§≈≈.## ☼§≈§≈≈
#§≈.∩..°≈§≈≈≈N##REv≈≈°
#≈≈≈..##≈≈≈≈≈≈@E#
#≈≈≈.)##≈§§§≈####
#≈≈≈..########
#§§.∩..+ #§≈....#
##≈...## ###.## ###


You could see a salamander (berserk), an efreet, 2 fire elementals and a fire
vortex.

Vanquished Creatures
  Josephine (D:10)
  A hydra (D:9)
  A catoblepas (Lair:4)
  A glowing orange brain (shapeshifter) (D:7)
  An orb spider (D:12)
  A wolf spider (Lair:1)
  A deep elf mage (D:8)
  A wolf spider (shapeshifter) (D:9)
  A salamander (Lair:2)
  3 black mambas
  A gargoyle (D:6)
  6 spiny frogs
  An efreet (Volcano)
  A rime drake (shapeshifter) (Lair:1)
  A yaktaur (Lair:1)
  5 komodo dragons
  A queen bee (Lair:1)
  A troll (D:10)
  A meliai (shapeshifter) (D:9)
  10 blink frogs
  Prince Ribbit (D:5)
  3 dream sheep
  9 hippogriffs
  Sigmund (D:4)
  A redback (Lair:2)
  A shadow (D:11)
  3 wraiths
  4 fire elementals (Volcano)
  22 yaks
  Grum (D:11)
  A wyvern (D:11)
  3 fire bats (Lair:4)
  4 basilisks
  2 steam dragons
  10 porcupines
  13 water moccasins
  5 orc warriors
  Purgy (Sewer)
  2 ice beasts
  A sky beast (D:11)
  4 black bears
  A necrophage (D:7)
  3 phantoms
  9 centaurs
  An eye of draining (D:9)
  6 ogres
  11 wolves
  11 crocodiles
  6 big kobolds
  16 bullfrogs
  2 elf skeletons (D:7)
  3 water moccasin zombies
  3 scorpions
  12 killer bees
  10 howler monkeys
  5 wights (D:8)
  An electric eel (Lair:4)
  2 crimson imps
  A quasit (D:12)
  3 bullfrog zombies
  A lava snake (D:10)
  4 centaur zombies
  A jelly (D:5)
  3 bullfrog skeletons
  8 hounds
  A human zombie (D:7)
  A gnoll shaman (D:5)
  A centaur skeleton (D:4)
  2 human skeletons (D:7)
  7 orc priests
  3 iguanas
  17 orc wizards
  6 worker ants
  2 killer bee zombies (Ossuary)
  A hound zombie (Ossuary)
  2 hound skeletons
  17 mummies (Ossuary)
  6 worker ant zombies
  3 howler monkey zombies
  Robin (D:3)
  A howler monkey skeleton (D:10)
  3 gnolls (D:5)
  14 adders
  3 shadow imps
  An ooze (D:2)
  2 adder skeletons
  3 adder zombies (Ossuary)
  3 worms
  3 dart slugs
  8 leopard geckos
  60 orcs
  A ball python (D:10)
  10 giant cockroaches
  9 hobgoblins
  21 jackals
  3 quokkas
  12 bats
  9 frilled lizards
  22 goblins
  A jackal skeleton (D:5)
  24 kobolds
  An orc zombie (D:7)
  3 rats
  A fire vortex (Volcano)
  2 fungi
545 creatures vanquished.

Vanquished Creatures (collateral kills)
  A yak (D:9)
  A sky beast (D:9)
  A bullfrog (D:9)
  A scorpion (D:9)
  A killer bee (D:9)
  An orc wizard (D:4)
  2 orcs (D:9)
  2 kobolds (D:10)
10 creatures vanquished.

Vanquished Creatures (others)
  A big kobold (D:10)
  A crimson imp (D:12)
  A shadow imp (D:9)
  A kobold (D:10)
  38 fungi
  42 plants
84 creatures vanquished.

Grand Total: 639 creatures vanquished

Notes
Turn   | Place    | Note
-------+----------+-------------------------------------------
     0 | D:1      | FishyPogo the Demonspawn Gladiator began the quest for the
                  | Orb.
     0 | D:1      | Reached XP level 1. HP: 16/16 MP: 1/1
    83 | D:1      | Gained mutation: You are partially covered in yellow
                  | scales. (AC +2) [demonic ancestry]
    83 | D:1      | Reached XP level 2. HP: 16/22 MP: 2/2
   329 | D:1      | Reached skill level 1 in Armour
   567 | D:1      | Reached XP level 3. HP: 27/28 MP: 3/3
   984 | D:2      | Found a basalt altar of Yredelemnul.
   997 | D:2      | Reached XP level 4. HP: 26/34 MP: 4/4
  1047 | D:2      | Found a hide-covered altar of Uskayaw.
  1049 | D:2      | Found a shimmering altar of Xom.
  1049 | D:2      | Found a burning altar of Makhleb.
  1051 | D:2      | Found a hide-covered altar of Uskayaw.
  1051 | D:2      | Found a shimmering altar of Xom.
  1051 | D:2      | Found a glowing silver altar of Zin.
  1071 | D:2      | Became a worshipper of Xom of Chaos
  1122 | D:2      | XOM: harmless Fire miscast
  1151 | D:2      | Found a shimmering blue altar of Sif Muna.
  1415 | D:2      | XOM: harmless Tloc miscast
  1892 | D:2      | Found a shadowy altar of Dithmenos.
  2212 | D:3      | Noticed a bullfrog
  2223 | D:3      | Gained mutation: You are slightly more attuned to the
                  | shadows. [demonic ancestry]
  2223 | D:3      | Reached XP level 5. HP: 27/56 MP: 5/5
  2230 | D:3      | Reached XP level 6. HP: 5/62 MP: 6/6
  2470 | D:3      | Noticed Robin
  2481 | D:3      | Reached skill level 1 in Stealth
  2522 | D:3      | HP: 3/62 [Robin/+0 spear (1)]
  2524 | D:3      | XOM: 1-stop teleportation journey
  2530 | D:3      | Killed Robin
  2530 | D:3      | Gained mutation: You have large cloven feet. [demonic
                  | ancestry]
  2530 | D:3      | Reached XP level 7. HP: 6/68 MP: 7/7
  2697 | D:3      | Found a glowing drain.
  2705 | Sewer    | Entered a sewer
  2747 | Sewer    | Noticed Purgy
  2752 | Sewer    | XOM: swap monsters
  2761 | Sewer    | Killed Purgy
  3268 | D:4      | Found an ornate altar of the Wu Jian Council.
  3352 | D:4      | Found a stormy altar of Qazlal.
  3402 | D:4      | XOM: give mutations
  3402 | D:4      | Gained mutation: Your flesh is cold resistant. (rC+) [Xom's
                  | grace]
  3402 | D:4      | Gained mutation: You have supernaturally acute eyesight.
                  | (SInv) [Xom's grace]
  3402 | D:4      | Gained mutation: You have sharp fingernails. [Xom's grace]
  3402 | D:4      | Gained mutation: Your flesh is very cold resistant. (rC++)
                  | [Xom's grace]
  3431 | D:4      | XOM: summons friendly crimson imp
  3574 | D:4      | Noticed Sigmund
  3580 | D:4      | XOM: blink monster(s)
  3596 | D:4      | Killed Sigmund
  3596 | D:4      | Reached skill level 1 in Short Blades
  3596 | D:4      | Reached skill level 1 in Shields
  4077 | D:5      | Entered Level 5 of the Dungeon
  4161 | D:5      | Gained mutation: You have hoof-like feet. [demonic
                  | ancestry]
  4161 | D:5      | Reached XP level 8. HP: 41/75 MP: 8/8
  4357 | D:5      | XOM: harmless Chrm miscast
  4463 | D:5      | XOM: harmless Necr miscast
  4524 | D:5      | Noticed Prince Ribbit
  4543 | D:5      | Killed Prince Ribbit
  4627 | D:5      | XOM: scenery: create altars
  4800 | D:5      | XOM: potion effect (brilliance)
  4965 | D:5      | Found a radiant altar of Vehumet.
  5218 | D:5      | XOM: give mutation
  5218 | D:5      | Gained mutation: You have an increased reservoir of magic.
                  | (+10% MP) [Xom's grace]
  5413 | D:6      | XOM: summons 4 friendly demons
  5646 | D:5      | XOM: stat loss: -1 Dex (14/15)
  5806 | D:6      | Found a white marble altar of Elyvilon.
  5838 | D:6      | Found a burning altar of Makhleb.
  5839 | D:6      | Noticed a gargoyle
  5853 | D:6      | Killed a gargoyle
  5853 | D:6      | Reached XP level 9. HP: 40/81 MP: 9/9
  6018 | D:6      | XOM: cloud trail
  6070 | D:6      | XOM: divination: detect items
  6072 | D:6      | XOM: confuse monster(s)
  6273 | D:6      | XOM: 1-stop teleportation journey
  6376 | D:6      | Found a blossoming altar of Fedhas.
  6376 | D:6      | Found an ancient bone altar of Kikubaaqudgha.
  6395 | D:6      | XOM: god gift: 59 gold pieces
  6397 | D:6      | Found an iron altar of Okawaru.
  6413 | D:6      | Found a glowing golden altar of the Shining One.
  6654 | D:6      | XOM: god gift: polished dagger {god gift}
  6655 | D:6      | Got a polished dagger {god gift}
  6656 | D:6      | Identified the +5 dagger "Toej" {chaos, *Slow rC+++ rN++
                  | MR+} (Xom gifted it to you on level 6 of the Dungeon)
  6743 | D:7      | Found a sand-covered staircase.
  6756 | Ossuary  | Entered an ossuary
  6933 | Ossuary  | Reached skill level 5 in Armour
  7039 | Ossuary  | XOM: destruction
  7061 | Ossuary  | XOM: give mutations
  7061 | Ossuary  | Gained mutation: You are covered in fur. (AC +1) [Xom's
                  | grace]
  7061 | Ossuary  | Gained mutation: Your system is resistant to poisons.
                  | (rPois) [Xom's grace]
  7061 | Ossuary  | Gained mutation: Your spells are a little harder to cast,
                  | but a little more powerful. [Xom's grace]
  7226 | D:7      | XOM: confuse monster(s)
  7423 | D:7      | Found a glowing silver altar of Zin.
  7493 | D:7      | Reached XP level 10. HP: 88/88 MP: 11/11
  7543 | D:7      | Found a staircase to the Ecumenical Temple.
  7550 | D:7      | Noticed a glowing shapeshifter
  7550 | D:7      | a howler monkey changed into a glowing shapeshifter
  7550 | D:7      | a glowing shapeshifter changed into a snapping turtle
  7552 | D:7      | Noticed a faun
  7552 | D:7      | a snapping turtle changed into a faun
  7557 | D:7      | a faun changed into a redback
  7561 | D:7      | Noticed a torpor snail
  7561 | D:7      | a swamp worm changed into a torpor snail
  7563 | D:7      | Noticed a death drake
  7563 | D:7      | a torpor snail changed into a death drake
  7572 | D:7      | XOM: confuse monster(s)
  7572 | D:7      | a death drake changed into a tarantella
  7576 | D:7      | Noticed a mana viper
  7576 | D:7      | a tarantella changed into a mana viper
  7577 | D:7      | XOM: cleaving
  7580 | D:7      | Noticed a glowing shapeshifter
  7580 | D:7      | a mana viper changed into a glowing shapeshifter
  7581 | D:7      | a glowing shapeshifter changed into a swamp worm
  7589 | D:7      | XOM: cast spell 'Summon Small Mammal'
  7590 | D:7      | Noticed a glowing orange brain
  7590 | D:7      | a snapping turtle changed into a glowing orange brain
  7594 | D:7      | Killed a glowing orange brain
  7594 | D:7      | Reached skill level 5 in Short Blades
  7846 | D:7      | XOM: scenery: create altars
  7998 | D:7      | Learned a level 2 spell: Song of Slaying
  8087 | D:7      | Found a hazy altar of Hepliaklqana.
  8168 | D:7      | XOM: give mutations
  8168 | D:7      | Gained mutation: You have hooves in place of feet. [Xom's
                  | grace]
  8168 | D:7      | Gained mutation: You are resistant to electric shocks.
                  | (rElec) [Xom's grace]
  8168 | D:7      | Gained mutation: Your flesh is heat resistant. (rF+) [Xom's
                  | grace]
  8235 | D:7      | XOM: give mutations
  8235 | D:7      | Gained mutation: Your muscles are strong. (Str +2) [Xom's
                  | grace]
  8235 | D:7      | Gained mutation: You evolve. [Xom's grace]
  8235 | D:7      | Gained mutation: Your flesh is almost immune to the effects
                  | of cold. (rC+++) [Xom's grace]
  8235 | D:7      | Gained mutation: You have a pair of small horns on your
                  | head. [Xom's grace]
  8251 | D:7      | XOM: cloud trail
  8318 | D:7      | XOM: harmless Tloc miscast
  8410 | D:8      | XOM: confuse monster(s)
  8413 | D:8      | XOM: divination: detect creatures
  8447 | D:8      | Lost mutation: You evolve. [end of evolution]
  8458 | D:8      | Noticed Elellon's ghost (novice HOFi)
  8464 | D:8      | Found a runed translucent gate.
  8464 | D:8      | Found a runed translucent gate.
  8465 | D:8      | Found a runed translucent gate.
  8513 | D:8      | Found a shattered altar of Ashenzari.
  8513 | D:8      | Noticed a deep elf mage
  8553 | D:8      | XOM: harmless Air miscast
  8558 | D:8      | Noticed a two-headed ogre
  8681 | D:8      | Found Byinuit's Book Boutique.
  8705 | D:8      | XOM: swap monsters
  8775 | D:8      | Found Riedeu's Jewellery Shoppe.
  8861 | D:8      | Found Cietorik's Distillery.
  8865 | D:8      | Found a bloodstained altar of Trog.
  8882 | D:8      | XOM: summons 1 hostile shadow creature
  8925 | D:8      | XOM: 2-stop teleportation journey
  8948 | D:8      | XOM: confusion (+ monsters)
  8973 | D:8      | XOM: chaos upgrade
  9046 | D:8      | Found a sparkling altar of Nemelex Xobeh.
  9078 | D:8      | Found an opulent altar of Gozag.
  9415 | D:8      | XOM: swap monsters
  9422 | D:8      | XOM: summons 1 hostile demon
  9425 | D:8      | Killed a deep elf mage
  9487 | D:8      | XOM: summons 7 friendly demons
  9615 | Temple   | Entered the Ecumenical Temple
  9834 | D:9      | XOM: polymorph shadow imp -> crimson imp
  9835 | D:9      | XOM: confuse monster(s)
  9880 | D:9      | XOM: cloud trail
  9907 | D:9      | XOM: summons 6 friendly demons
  9965 | D:9      | XOM: 3-stop teleportation journey
  9974 | D:9      | XOM: scenery: 1 doors open
  9992 | D:9      | XOM: polymorph bullfrog -> steam dragon
 10025 | D:9      | XOM: potion effect (berserk rage)
 10028 | D:9      | XOM: swap monsters
 10029 | D:9      | Gained mutation: You are mostly covered in yellow scales.
                  | (AC +3) [demonic ancestry]
 10029 | D:9      | Reached XP level 11. HP: 91/94 MP: 12/12
 10130 | D:9      | Noticed a glowing shapeshifter
 10130 | D:9      | a sky beast changed into a glowing shapeshifter
 10130 | D:9      | Noticed a wolf spider
 10130 | D:9      | a glowing shapeshifter changed into a wolf spider
 10132 | D:9      | XOM: enchant monster (good)
 10133 | D:9      | Killed a wolf spider
 10149 | D:9      | XOM: polymorph yak -> spiny frog
 10172 | D:9      | XOM: god gift: 16 stones
 10289 | D:9      | XOM: summons 2 friendly demons
 10367 | D:9      | XOM: cleaving
 10377 | D:9      | XOM: summons 2 friendly demons
 10399 | D:9      | Found a roughly hewn altar of Beogh.
 10399 | D:9      | Found a staircase to the Orcish Mines.
 10423 | D:9      | XOM: scenery: 1 fountains blood, 1 doors close
 10611 | D:9      | XOM: polymorph yak -> shapeshifter
 10626 | D:9      | XOM: 5-stop teleportation journey
 10680 | D:9      | XOM: give mutations
 10680 | D:9      | Gained mutation: You are agile. (Dex +2) [Xom's grace]
 10680 | D:9      | Gained mutation: You are robust. (+10% HP) [Xom's grace]
 10680 | D:9      | Gained mutation: You have very sharp fingernails. [Xom's
                  | grace]
 10840 | D:9      | Found a staircase to the Lair.
 10892 | D:9      | XOM: polymorph sky beast -> shapeshifter
 10905 | D:9      | Noticed a two-headed hydra
 10915 | D:9      | Killed a two-headed hydra
 11063 | D:10     | Entered Level 10 of the Dungeon
 11084 | D:10     | XOM: fog
 11109 | D:10     | XOM: noise
 11123 | D:10     | XOM: harmless Tmut miscast
 11256 | D:10     | XOM: polymorph leopard gecko -> ball python
 11272 | D:9      | Reached skill level 5 in Stealth
 11278 | D:9      | Reached skill level 10 in Armour
 11382 | D:10     | XOM: confuse monster(s)
 11390 | D:10     | XOM: noise
 11396 | D:10     | XOM: scenery: 1 doors open
 11400 | D:10     | XOM: summons 7 friendly demons
 11464 | D:10     | XOM: summons 6 friendly demons
 11544 | D:10     | Noticed Josephine
 11544 | D:10     | XOM: summons 2 friendly demons
 11553 | D:10     | XOM: give mutations
 11553 | D:10     | Lost mutation: Your muscles are strong. (Str +2) [Xom's
                  | mischief]
 11553 | D:10     | Lost mutation: Your system is resistant to poisons. (rPois)
                  | [Xom's mischief]
 11553 | D:10     | Lost mutation: You have a pair of small horns on your head.
                  | [Xom's mischief]
 11558 | D:10     | Killed Josephine
 11558 | D:10     | Reached skill level 1 in Evocations
 11631 | D:10     | XOM: summons 4 friendly demons
 11730 | D:10     | XOM: god gift: wand of scattershot (3)
 12118 | D:11     | XOM: polymorph scorpion -> hound
 12128 | D:11     | XOM: noise
 12137 | D:11     | XOM: scenery: create altars
 12144 | D:11     | XOM: enchant monster (bad)
 12145 | D:11     | XOM: divination: magic mapping
 12591 | D:11     | Mutation became permanent: You have hoof-like feet.
                  | [demonic ancestry]
 12591 | D:11     | Gained mutation: You have hooves in place of feet. [demonic
                  | ancestry]
 12591 | D:11     | Reached XP level 12. HP: 69/112 MP: 14/14
 12597 | D:11     | XOM: polymorph scorpion -> crocodile
 12631 | D:11     | XOM: god gift: 15 gold pieces
 12666 | D:11     | Noticed Grum
 12667 | D:11     | XOM: scenery: create altars
 12670 | D:11     | XOM: enchant monster (good)
 12675 | D:11     | XOM: summons friendly iron imp
 12677 | D:11     | XOM: enchant monster (good)
 12737 | D:10     | XOM: cloud trail
 12845 | D:11     | XOM: scenery: create altars
 12846 | D:11     | XOM: give mutation
 12846 | D:11     | Gained mutation: Your spells are harder to cast, but more
                  | powerful. [Xom's grace]
 12850 | D:11     | Killed Grum
 13156 | D:11     | XOM: destruction
 13402 | D:12     | XOM: scenery: create altars
 13465 | D:12     | XOM: polymorph eye of draining -> orb spider
 13546 | D:12     | XOM: cloud trail
 13758 | D:9      | XOM: scenery: create altars
 13865 | Lair:1   | Entered Level 1 of the Lair of Beasts
 13952 | Lair:1   | XOM: god gift: long smoking staff {god gift}
 14002 | Lair:1   | XOM: polymorph yak -> blink frog
 14005 | Lair:1   | XOM: harmless Chrm miscast
 14141 | Lair:1   | XOM: noise
 14153 | Lair:1   | XOM: blink monster(s)
 14163 | Lair:1   | XOM: confusion (+ monsters)
 14173 | Lair:1   | XOM: confusion (+ monsters)
 14186 | Lair:1   | XOM: 1-stop teleportation journey
 14225 | Lair:1   | Noticed Nergalle
 14228 | Lair:1   | XOM: 8-stop teleportation journey
 14229 | Lair:1   | XOM: polymorph spiny frog -> queen bee
 14273 | Lair:1   | XOM: severe Fire miscast
 14279 | Lair:1   | Noticed Nergalle
 14279 | Lair:1   | Nergalle changed into Nergalle the wolf spider
 14279 | Lair:1   | XOM: polymorph Nergalle -> Nergalle the wolf spider
 14281 | Lair:1   | Killed Nergalle the wolf spider
 14295 | Lair:1   | XOM: harmless Ice miscast
 14296 | Lair:1   | XOM: polymorph spiny frog -> yaktaur
 14481 | Lair:1   | Noticed Urug
 14481 | Lair:1   | XOM: harmless Erth miscast
 14497 | Lair:1   | XOM: confusion (+ monsters)
 14514 | Lair:1   | Urug changed into Urug the shapeshifter
 14689 | Lair:1   | XOM: scenery: 1 doors open
 14803 | Lair:1   | XOM: give mutation
 14803 | Lair:1   | Lost mutation: You have supernaturally acute eyesight.
                  | (SInv) [Xom's mischief]
 14926 | Lair:2   | XOM: cast spell 'Summon Butterflies'
 14929 | Lair:2   | XOM: summons friendly shadow imp
 14953 | Lair:2   | Found a staircase to the Swamp.
 15000 | Lair:2   | XOM: confuse monster(s)
 15040 | Lair:2   | XOM: confuse monster(s)
 15043 | Lair:2   | XOM: divination: detect creatures
 15124 | Lair:2   | XOM: mild Tloc miscast
 15170 | Lair:2   | XOM: 1-stop teleportation journey
 15198 | Lair:2   | XOM: mild Ice miscast
 15267 | Lair:2   | XOM: silly message
 15289 | Lair:2   | XOM: summons 3 friendly demons
 15296 | Lair:2   | Reached skill level 5 in Evocations
 15300 | Lair:2   | XOM: silly message
 15379 | Lair:2   | XOM: mild Tmut miscast
 15496 | Lair:2   | XOM: 1-stop teleportation journey
 15732 | Lair:2   | XOM: harmless Fire miscast
 15792 | Lair:2   | XOM: polymorph yak -> salamander
 15802 | Lair:2   | Gained mutation: You regenerate a little health from kills.
                  | [demonic ancestry]
 15802 | Lair:2   | Reached XP level 13. HP: 73/118 MP: 18/18
 15898 | Lair:2   | XOM: silly message
 15952 | Lair:3   | XOM: noise
 15960 | Lair:3   | XOM: medium Hex miscast
 15971 | Lair:3   | XOM: divination: magic mapping
 15976 | Lair:3   | XOM: confuse monster(s)
 15977 | Lair:3   | XOM: noise
 16049 | Lair:3   | XOM: potion effect (curing)
 16056 | Lair:3   | XOM: cleaving
 16060 | Lair:3   | XOM: noise
 16231 | Lair:3   | XOM: cloud trail
 16279 | Lair:3   | XOM: god gift: 36 gold pieces
 16280 | Lair:3   | XOM: divination: detect creatures
 16305 | Lair:3   | XOM: potion effect (invisibility)
 16445 | Lair:3   | XOM: scenery: create altars
 16463 | Lair:3   | Noticed Foabaekk's ghost (journeyman GrMo)
 16466 | Lair:3   | XOM: divination: magic mapping
 16469 | Lair:3   | Noticed a minotaur
 16473 | Lair:3   | XOM: snakes to sticks
 16536 | Lair:3   | Found a runed translucent gate.
 16536 | Lair:3   | Found a runed translucent gate.
 16697 | Lair:3   | XOM: medium Fire miscast
 16774 | Lair:3   | Found a runed translucent gate.
 17124 | Lair:4   | XOM: divination: magic mapping
 17178 | Lair:4   | XOM: summons 4 friendly demons
 17188 | Lair:4   | XOM: summons 5 hostile demons
 17194 | Lair:4   | XOM: polymorph quasit -> iron imp
 17199 | Lair:4   | Found a dark tunnel.
 17210 | Volcano  | Entered a volcano
 17213 | Volcano  | XOM: harmless Ice miscast
 17220 | Volcano  | XOM: give mutations
 17220 | Volcano  | Lost mutation: You have very sharp fingernails. [Xom's
                  | mischief]
 17220 | Volcano  | Lost mutation: You are robust. (+10% HP) [Xom's mischief]
 17224 | Volcano  | XOM: medium Chrm miscast
 17230 | Volcano  | XOM: confusion
 17231 | Volcano  | XOM: draining
 17292 | Volcano  | XOM: summons 1 hostile shadow creature
 17293 | Volcano  | XOM: confusion
 17305 | Volcano  | XOM: chaos cloud
 17311 | Volcano  | XOM: mild Ice miscast
 17317 | Volcano  | Slain by a salamander

Levels and vault maps discovered:
D:1:      lordsloth_arrival_two_stooges, layout_loops_ring
D:2:      layout_basic, nicolae_overflow_hidden_temple,
          grunt_temple_overflow_open, kennysheep_another_room,
          doesnt_xom_only_xom
D:3:      wad_pebble_path, layout_rooms, first_ration, portal_sewer_entry_f,
          uniq_robin
D:4:      layout_loops_corners, lemuel_crystal_altar, grunt_qazlal_sundering,
          grunt_decor_resistance, uniq_sigmund
D:5:      layout_basic, vehumet_statue, kennysheep_decorative_pillar,
          minmay_misc_feat_four_crosses, uniq_prince_ribbit1
D:6:      layout_rooms, grunt_temple_overflow_growth_and_decay,
          elyvilon_altar_4, overflow_temple_1_default, lemuel_crystal_altar,
          basic_altar, chequers_jeans, interstate_on_off,
          hangedman_abyss_or_decor_lesser_grid
D:7:      layout_basic, marbit_many_paths, minmay_temple_entry_antechambers,
          nicolae_ossuary_entry_catacombs, basic_altar
D:8:      layout_loops_ring, lemuel_doored_altar,
          nicolae_gozag_cash_rules_everything_around_me,
          ashenzari_conservatory_becter, bloody_trog, gammafunk_ghost_split,
          serial_shops, shop, shop, shop_statue, minmay_lizard_king
D:9:      layout_irregular_city, due_lair_maze_entry_diamond, david_orc_5,
          hangedman_ranch [blue_anna_fruit_fields]
D:10:     layout_basic, kennysheep_path_1, chequers_serial_rivers_room_a,
          uniq_josephine
D:11:     layout_loops_cross, uniq_grum
D:12:     layout_cave_pools
Temple:   corrupted_temple
Lair:1:   layout_regular_city, uniq_urug, uniq_nergalle
Lair:2:   minmay_lair_venomous_thicket, layout_long_grid, swamp_mist,
          grunt_megastairs_1
Lair:3:   layout_chaotic_city, maelrawn_ghost_gauntlet_escape, nzn_random_ring
Lair:4:   layout_roguey [special_room_mythical_zoo],
          nicolae_spider_entry_orb_guardian, nicolae_volcano_entry_batcave,
          kennysheep_catoblepas_arena, serial_bayou_shore_a
Volcano:  volcano_aerie

Skill      XL: |  1  2  3  4  5  6  7  8  9 10 11 12 13 |
---------------+----------------------------------------+-----
Armour         | 1 2 3 4 6 8 10 12 | 12.8
Throwing       | 2 |  2.0
Maces & Flails | 3 |  3.0
Dodging        | 3 |  3.0
Fighting       | 11 12 | 12.0
Stealth        | 1 2 3 4 5 |  5.0
Short Blades   | 1 3 4 6 7 9 |  9.6
Shields        | 1 4 |  4.0
Evocations     | 1 5 6 |  6.3

Action                   |  1- 3 |  4- 6 |  7- 9 | 10-12 | 13-15 || total
-------------------------+-------+-------+-------+-------+-------++-------
Melee: Flail             |    98 |   165 |    57 |       |       ||   320
       Dagger            |       |       |   497 |  1171 |   253 ||  1921
       Kick              |       |       |   196 |   431 |   111 ||   738
       Headbutt          |       |       |       |   128 |       ||   128
Throw: Stone             |    16 |    15 |    19 |       |       ||    50
       Throwing net      |     3 |       |       |       |       ||     3
       Boomerang         |       |       |    79 |    22 |     2 ||   103
  Use: Scroll            |       |     6 |     1 |     7 |     4 ||    18
       Potion            |       |     7 |     5 |     3 |     5 ||    20
 Stab: Sleeping          |       |       |     5 |       |       ||     5
       Confused          |       |       |     3 |    13 |     2 ||    18
       Paralysed         |       |       |     4 |    12 |     5 ||    21
       Petrifying        |       |       |     2 |     5 |     1 ||     8
       Petrified         |       |       |     1 |       |       ||     1
       Distracted        |       |       |       |     3 |       ||     3
  Eat: Chunk             |       |     4 |    18 |    24 |     4 ||    50
       Ration            |       |       |       |     1 |       ||     1
Armor: Leather armour    |    46 |    77 |    66 |       |       ||   189
       Skin              |       |   121 |       |       |       ||   121
       Plate armour      |       |       |    97 |   508 |   132 ||   737
Dodge: Dodged            |    96 |   160 |   183 |   261 |    62 ||   762
Block: Buckler           |       |       |    53 |   189 |    45 ||   287
